 Dungeon Crawl Stone Soup version 0.25-a0-766-g0ecfff5 (webtiles) character file.

Game seed: 9736731697092747381, levelgen mode: deterministic

347 JarJarBinks the Skirmisher (level 6, -3/50 HPs)
             Began as a Human Assassin on Apr 13, 2020.
             Slain by Edmund
             ... wielding a +2 dire flail of protection
              (11 damage)
             ... on level 4 of the Dungeon.
             The game lasted 00:12:54 (2375 turns).

JarJarBinks the Skirmisher (Human Assassin)         Turns: 2375, Time: 00:12:55

Health: -3/50      AC:  8    Str: 16    XL:     6   Next: 90%
Magic:  6/6        EV: 18    Int:  8    God:
Gold:   133        SH:  0    Dex: 21    Spells: 5/5 levels left

rFire    + . .     SeeInvis .   r - +8 spear "Newtbane" {vorpal, Str+4 Int-3 Dex+5}
rCold    + . .     Gourm    +   (no shield)
rNeg     . . .     Faith    .   j - +2 robe {rC+}
rPois    .         Spirit   .   (no helmet)
rElec    .         Reflect  .   c - +0 cloak
rCorr    .         Harm     .   q - +2 pair of gloves
MR       .....                  (no boots)
Stlth    +++.......             n - amulet of the gourmand
HPRegen  0.16/turn              k - +4 ring of evasion
MPRegen  0.10/turn              y - ring of protection from fire

@: no status effects
A: no striking features
a: no special abilities


You were on level 4 of the Dungeon.
You were not hungry.

You visited 1 branch of the dungeon, and saw 4 of its levels.

You collected 133 gold pieces.

Inventory:

Hand Weapons
 a - a +2 dagger
 l - a +3 dagger of venom
 r - the +8 spear "Newtbane" (weapon) {vorpal, Str+4 Int-3 Dex+5}
   (You found it on level 4 of the Dungeon)

   It inflicts extra damage upon your enemies.
   It affects your strength (+4).
   It affects your intelligence (-3).
   It affects your dexterity (+5).
Missiles
 d - 8 poisoned darts (quivered)
 e - 2 curare-tipped darts
 p - 6 silver boomerangs
Armour
 b - a +0 robe
 c - a +0 cloak (worn)
 j - a +2 robe of cold resistance (worn)
 q - a +2 pair of gloves (worn)
 s - a +2 robe of positive energy
Jewellery
 k - a +4 ring of evasion (left hand)
 n - an amulet of the gourmand (around neck)
 y - a ring of protection from fire (right hand)
Scrolls
 t - 3 scrolls of identify
 v - a scroll of fear
 x - a scroll of blinking
 B - 2 scrolls of fog
Potions
 g - 2 potions of invisibility {unknown}
 h - a potion of flight {unknown}
 i - a potion of ambrosia {unknown}
 m - a potion of brilliance {unknown}
 o - a potion of mutation {unknown}
 u - 4 potions of curing {unknown}
 w - a potion of stabbing {unknown}
 z - a potion of heal wounds
 A - a potion of resistance {unknown}
Comestibles
 f - 2 rations


   Skills:
 * Level 4.9 Fighting
 - Level 2.0 Short Blades
 + Level 1.7 Polearms
 - Level 2.0 Throwing
 + Level 3.6 Dodging
 - Level 4.4 Stealth


You had 5 spell levels left.
You didn't know any spells.
Your spell library was empty.

Dungeon Overview and Level Annotations

Branches:
Dungeon (4/15)
 Temple: D:4-7

Altars:
Makhleb
Nemelex Xobeh
Uskayaw
Yredelemnul

Shops:
D:4 (

Annotations:
D:4 Edmund


Message History

Edmund misses you.
You hit Edmund.
Edmund is severely wounded.
Edmund closely misses you.
You hit Edmund but do no damage.
Edmund is severely wounded.
Edmund barely misses you.
You hit Edmund but do no damage.
Edmund is severely wounded.
You hit Edmund but do no damage.
Edmund is severely wounded.
Edmund hits you with a +2 dire flail of protection.
* * * LOW HITPOINT WARNING * * *
You barely miss Edmund.
Edmund is severely wounded.
Edmund misses you.
You hit Edmund but do no damage.
Edmund is severely wounded.
Edmund hits you with a +2 dire flail of protection!
You die...

.##
#..........##..#.......##
.#
#........##.##..##.......#
.#
##........#.....##..#....#
.#
###......#..#..##..##...#
..
........##.##....####.##
..#......####......#####
..#..........#......#
#.########.####.###
#....)....@## ###
#..######.@.#
#.........(## #...####$..#
##...(.(...# #...##....#
..........# ....####..(#
...... .....#


You could see Edmund.

Vanquished Creatures
  A phantom (D:4)
  Blork the orc (D:4)
  2 hounds
  Jessica (D:2)
  A hound skeleton (D:4)
  4 adders
  2 worms
  A dart slug (D:2)
  5 orcs
  2 bats (D:3)
  7 giant cockroaches
  4 goblins
  4 hobgoblins
  4 jackals (D:2)
  6 kobolds
  2 ball pythons
  3 frilled lizards
  7 rats
57 creatures vanquished.

Notes
Turn   | Place    | Note
-------+----------+-------------------------------------------
     0 | D:1      | JarJarBinks the Human Assassin began the quest for the Orb.
     0 | D:1      | Reached XP level 1. HP: 16/16 MP: 1/1
   181 | D:1      | Reached XP level 2. HP: 21/22 MP: 2/2
   663 | D:2      | Noticed Jessica
   809 | D:2      | Reached XP level 3. HP: 28/28 MP: 3/3
  1109 | D:2      | Killed Jessica
  1109 | D:2      | Reached XP level 4. HP: 31/35 MP: 4/4
  1260 | D:2      | Found a burning altar of Makhleb.
  1279 | D:2      | Reached XP level 5. HP: 25/41 MP: 5/5
  1797 | D:3      | You fall into a shaft and drop 1 floor!
  1798 | D:4      | Noticed a phantom
  1833 | D:4      | Found Qoatiask's Antique Weapon Boutique.
  1979 | D:3      | Found a hide-covered altar of Uskayaw.
  1982 | D:3      | Found a basalt altar of Yredelemnul.
  1985 | D:3      | Found a sparkling altar of Nemelex Xobeh.
  2192 | D:4      | Got a shimmering spear
  2193 | D:4      | Identified the +8 spear "Newtbane" {vorpal, Str+4 Int-3
                  | Dex+5} (You found it on level 4 of the Dungeon)
  2212 | D:4      | Killed a phantom
  2212 | D:4      | Reached skill level 1 in Polearms
  2212 | D:4      | Reached XP level 6. HP: 49/49 MP: 6/6
  2279 | D:4      | Noticed Blork the orc
  2287 | D:4      | Killed Blork the orc
  2301 | D:4      | Noticed Edmund
  2375 | D:4      | Slain by Edmund

Levels and vault maps discovered:
D:1:      scummos_arrival_hexagon, layout_basic
D:2:      layout_loops_ring, makhleb_heckhound_becter, uniq_jessica
D:3:      layout_basic, grunt_temple_overflow_diamond
D:4:      layout_cave_pools, serial_shops, shop, minmay_misc_feat_more_columns,
          minmay_misc_feat_encased, uniq_blork_the_orc, uniq_edmund

Skill      XL: |  1  2  3  4  5 |
---------------+----------------+-----
Fighting       | 3 4 |  4.9
Dodging        | 2 3 |  3.6
Polearms       | 1 |  1.7
Short Blades   | |  2.0
Throwing       | |  2.0
Stealth        | |  4.4

Action                   |  1- 3 |  4- 6 || total
-------------------------+-------+-------++-------
Melee: Dagger            |    76 |    69 ||   145
       Spear             |       |    37 ||    37
Throw: Dart              |     8 |    14 ||    22
  Use: Scroll            |     1 |     9 ||    10
 Stab: Sleeping          |     1 |     2 ||     3
       Distracted        |     1 |       ||     1
  Eat: Ration            |       |     2 ||     2
Armor: Robe              |    22 |    24 ||    46
Dodge: Dodged            |    52 |    84 ||   136

Table legend:
 A = Non-vault XP
 B = Vault XP
 C = Vault XP percentage of total XP
 D = Non-vault monster count
 E = Vault monster count
 F = Vault count percentage of total count
                 A         B        C        D         E       F
            +---------+---------+-------+---------+---------+-------
      Total |     326 |     170 |  34.3 |      54 |       3 |   5.3
            +---------+---------+-------+---------+---------+-------
        D:1 |      23 |       0 |   0.0 |      14 |       0 |   0.0
        D:2 |      43 |      79 |  64.8 |      14 |       2 |  12.5
        D:3 |      44 |       0 |   0.0 |      17 |       0 |   0.0
        D:4 |     216 |      91 |  29.6 |       9 |       1 |  10.0
            +---------+---------+-------+---------+---------+-------
